Map: Apotheosis LE

Players

Chainz

  • Race: Zerg Zerg
  • League: Platinum

Nickos - Winner!

  • Race: Terran Terran
  • League: Silver

VOD

Have the link to the VOD?

Description

Time

  • Played on: Sept. 16, 2016, 6:09 a.m.
  • Length: 11:57
Show
View Real Time Build Order
Export as new Build Order

Chainz Zerg 

Build Orders: Hatch First 

Get SALT Encoding   

  12  0:00  Drone  
  13  0:13  Overlord  
  13  0:19  Drone  
  14  0:31  Drone x2  
  16  0:39  Drone  
  17  0:56  Drone  
  18  0:57  Hatchery  
  18  1:01  Drone  
  18  1:04  Extractor  
  17  1:17  Spawning Pool  
  16  1:19  Drone  
  16  1:23  Drone  
  18  1:30  Drone  
  19  1:44  Drone  
  20  1:49  Overlord  
  20  2:04  Queen  
  22  2:08  Queen  
  22  2:09  Metabolic Boost  
  24  2:23  Drone x4  
  24  2:24  Drone  
  29  2:30  Drone  
  29  2:34  Drone  
  31  2:40  Queen  
  33  2:47  Queen  
  33  2:51  Overlord  
  35  2:55  Overlord  
  35  3:01  Drone  
  36  3:09  Zergling x2  
  36  3:10  Zergling x2  
  38  3:16  Drone x3  
  41  3:31  Hatchery  
  40  3:37  Drone x3  
  40  3:40  Extractor  
  42  3:41  Extractor  
  42  3:45  Roach Warren  
  42  3:46  Evolution Chamber  
  39  3:48  Evolution Chamber  
  39  3:49  Drone x2  
  39  3:51  Drone  
  39  3:52  Drone x2  
  39  3:53  Drone  
  44  4:06  Drone x3  
  44  4:09  Lair  
  47  4:18  Drone x3  
  47  4:22  Zerg Missile Weapons Level 1  
  50  4:47  Zerg Ground Armor Level 1  
  50  4:52  Drone  
  51  4:54  Drone x7  
  58  5:17  Pneumatized Carapace  
  58  5:31  Baneling Nest  
  58  5:34  Drone  
  58  5:35  Overlord x4, Extractor  
  58  5:36  Overlord x2  
  58  5:38  Spore Crawler  
  56  5:43  Drone x3, Spine Crawler  
  56  5:48  Drone, Spine Crawler  
  58  5:55  Roach  
  58  5:56  Roach x4  
  67  6:10  Spine Crawler  
  66  6:13  Roach x3, Spine Crawler  
  66  6:14  Roach x3  
  77  6:20  Roach x3  
  83  6:28  Zergling x8  
  83  6:30  Zergling x6  
  83  6:31  Zergling x2  
  91  6:39  Roach x4  
  80  6:52  Roach x3  
  80  6:53  Roach  
  75  7:00  Drone x2  
  76  7:04  Drone, Spine Crawler  
  76  7:10  Spine Crawler  
  76  7:12  Hatchery  
  74  7:21  Drone x2, Extractor  
  74  7:22  Drone  
  76  7:23  Drone x2, Extractor  
  78  7:30  Zergling x2  
  78  7:33  Baneling x2  
  78  7:36  Zergling x4  
  80  7:43  Nydus Network  
  79  7:46  Drone x4  
  79  7:47  Drone  
  79  7:48  Drone x3  
  87  7:53  Overlord x3  
  87  8:03  Baneling x3  
  87  8:10  Baneling  
  87  8:17  Baneling x2  
  87  8:23  Zergling x22  
  98  8:39  Zergling x10  
  103  8:45  Roach x3  
  103  8:46  Roach  
  105  9:33  Roach x9  
  105  9:34  Roach x2  
  121  9:54  Nydus Canal  
  121  9:58  Zergling x6  
  121  9:59  Zergling x6  
  90  10:17  Roach  
  90  10:18  Roach x5  
  92  10:34  Roach x4  
  93  10:40  Roach  
  77  11:04  Roach  
  77  11:05  Roach x4  
  65  11:21  Roach x3  
Show
View Real Time Build Order
Export as new Build Order

Nickos Terran - Winner!

Build Orders:  

Get SALT Encoding   

  12  0:01  SCV  
  13  0:13  SCV  
  14  0:17  Supply Depot  
  14  0:25  SCV  
  15  0:39  SCV  
  15  0:40  Barracks  
  16  0:51  SCV  
  17  1:03  SCV  
  18  1:15  SCV  
  19  1:24  Command Center  
  19  1:30  Orbital Command  
  19  1:33  Marine  
  20  1:43  Barracks  
  20  1:52  Supply Depot  
  20  1:54  Marine  
  21  2:04  SCV  
  22  2:18  Marine  
  22  2:22  SCV  
  24  2:23  Barracks  
  24  2:24  Refinery  
  24  2:27  Refinery  
  24  2:36  Marine  
  25  2:37  Supply Depot  
  25  2:38  SCV  
  25  2:41  Orbital Command  
  26  2:44  Marine  
  26  2:50  SCV  
  28  2:58  Marine  
  28  3:03  SCV  
  30  3:06  SCV  
  32  3:15  Barracks Tech Lab, SCV  
  32  3:18  Barracks Reactor, Supply Depot  
  32  3:19  SCV  
  33  3:25  Barracks Reactor  
  33  3:27  SCV  
  33  3:32  SCV  
  35  3:39  SCV  
  35  3:40  Factory  
  36  3:44  Marauder, SCV  
  39  3:51  SCV  
  40  3:56  SCV, Stimpack  
  40  3:58  Marine x2  
  43  4:03  SCV  
  43  4:05  Marine  
  43  4:06  Marine x2  
  43  4:08  SCV  
  48  4:15  SCV  
  48  4:17  Supply Depot  
  49  4:19  Marine x2  
  49  4:20  SCV  
  49  4:23  Marine  
  53  4:24  Starport  
  53  4:27  Factory Reactor, SCV  
  53  4:28  Marine x2  
  56  4:32  SCV  
  56  4:37  Marine  
  58  4:39  SCV, Marine  
  58  4:41  Marine  
  58  4:44  Barracks  
  61  4:46  SCV  
  61  4:47  Marine x2  
  61  4:51  SCV  
  65  4:54  Marine  
  65  4:56  Supply Depot, Marine  
  65  4:58  SCV  
  68  5:00  Marauder  
  68  5:02  Supply Depot  
  70  5:17  Medivac x2, Marine x4  
  78  5:23  SCV x2  
  78  5:24  Engineering Bay, Marauder  
  82  5:29  Engineering Bay  
  82  5:33  Supply Depot  
  82  5:34  Supply Depot  
  82  5:35  SCV x2  
  82  5:38  Refinery, Marine  
  82  5:39  Marine  
  86  5:46  Barracks Tech Lab  
  86  5:54  Medivac x2, SCV x2  
  86  5:56  Supply Depot  
  92  6:00  Supply Depot  
  92  6:06  SCV  
  93  6:13  Supply Depot  
  93  6:16  Command Center  
  93  6:17  Marine  
  93  6:18  Marine  
  95  6:20  SCV  
  95  6:23  Terran Infantry Weapons Level 1  
  96  6:30  Terran Infantry Armor Level 1  
  87  6:47  Marine x2  
  87  6:48  Marine x4  
  87  6:49  Medivac x2  
  87  6:50  SCV x2  
  77  7:02  SCV  
  77  7:03  SCV  
  77  7:07  Supply Depot, Marine x2  
  77  7:08  Marine x2  
  82  7:09  Marauder  
  82  7:10  Marauder  
  82  7:14  SCV  
  82  7:15  SCV  
  89  7:25  Marine x3  
  89  7:27  SCV x2  
  95  7:30  Planetary Fortress  
  95  7:32  Marauder  
  95  7:33  Medivac, Marauder  
  100  7:39  Marine  
  100  7:43  Marine x2  
  103  7:45  SCV  
  103  7:46  Armory, SCV  
  103  7:47  Marine  
  106  7:52  Supply Depot  
  106  7:54  Marauder  
  106  7:55  Supply Depot, Marine  
  109  8:07  Medivac  
  109  8:08  Marine x2  
  109  8:09  Marine x2  
  115  8:14  Marine, Marauder  
  118  8:25  Medivac  
  118  8:26  Marine x3  
  118  8:27  Marine  
  123  8:34  Refinery  
  124  8:35  Refinery  
  124  8:37  Medivac  
  124  8:39  Marine x2  
  128  8:44  Marine  
  128  8:45  Marine x2  
  131  8:50  Command Center  
  131  8:57  Marauder x2  
  131  8:59  Marine  
  131  9:00  Medivac  
  131  9:01  Supply Depot  
  131  9:02  Marine  
  138  9:07  Medivac, Marine x2  
  136  9:16  Marine  
  137  9:18  Marauder, Marine  
  137  9:20  Marine  
  141  9:25  Marine x2  
  139  9:34  Marine  
  139  9:36  Marine  
  139  9:37  Medivac x2  
  139  9:38  Marine  
  145  9:39  Marine  
  145  9:42  Marine  
  145  9:43  Marine  
  149  9:52  Marine  
  150  9:54  Marine  
  150  9:56  Marine  
  150  9:57  Marine  
  153  10:00  Marine  
  153  10:03  Barracks  
  153  10:05  Barracks  
  153  10:06  Barracks  
  137  10:40  Marine x3  
  135  10:43  Marine x3  
  138  10:58  Marine x3  
  137  11:04  Marine x2  
  137  11:05  Marine  
  125  11:16  Marine x3  
  113  11:22  Marine x3  
  99  11:33  Marine  
  99  11:34  Marine  
  99  11:49  Command Center  
Tags
 
Add a new tag
Caveats
  • Supply blocks, unpowered buildings, or Contaminate may cause inaccurate times.
  • Supply counts are checked every 10 seconds.